 Dungeon Crawl Stone Soup version 0.24-a0-250-g6074511 (webtiles) character file.

Game seed: 6736187290225437280

83 Ijustatesigmund the Chopper (level 4, -7/33 HPs)
             Began as an Octopode Fighter on Apr 15, 2019.
             Mangled by Grinder (10 damage)
             ... on level 4 of the Dungeon.
             The game lasted 00:03:40 (1553 turns).

Ijustatesigmund the Chopper (Octopode Fighter)      Turns: 1553, Time: 00:03:41

Health: -7/33      AC:  1    Str: 14 (15) XL:     4   Next: 44%
Magic:  4/4        EV: 11    Int:  7 (10) God:
Gold:   61         SH:  8    Dex: 11 (12) Spells: 3/3 levels left

rFire    . . .     SeeInvis .   a - +1 war axe
rCold    . . .     Gourm    .   b - +0 shield
rNeg     . . .     Faith    .   (helmet restricted)
rPois    .         Spirit   .   (no amulet)
rElec    .         Reflect  .   (no ring)
rCorr    .         Harm     .   (no ring)
MR       .....                  (no ring)
Stlth    ++........             (no ring)
HPRegen  0.11/turn              (no ring)
MPRegen  0.09/turn              (no ring)
                                (no ring)
                                (no ring)

@: flying, very slightly contaminated
A: almost no armour, stealthy swim, amphibious, 8 rings, constrict 8, camouflage
1, gelatinous body 1
a: no special abilities


You were on level 4 of the Dungeon.
You were not hungry.

You visited 1 branch of the dungeon, and saw 4 of its levels.

You collected 61 gold pieces.

Inventory:

Hand Weapons
 a - a +1 war axe (weapon)
 f - a +3 mace of protection
Armour
 b - a +0 shield (worn)
Jewellery
 h - a cursed -2 ring of protection {unknown}
Scrolls
 g - a scroll of remove curse
 k - a scroll of identify
Comestibles
 c - 4 chunks of flesh
 d - 3 rations


   Skills:
 + Level 3.8 Fighting
 * Level 3.9 Axes
 - Level 3.0 Dodging
 - Level 3.0 Shields


You had 3 spell levels left.
You didn't know any spells.
Your spell library was empty.

Dungeon Overview and Level Annotations

Branches:
Dungeon (4/15)
 Temple: D:4-7

Altars:

Annotations:
D:4 Grinder


Innate Abilities, Weirdness & Mutations

You cannot wear most types of armour.
You are very stealthy in the water. (Stealth+)
You are amphibious.
You can wear up to eight rings at the same time.
You can use your tentacles to constrict eight enemies at once.
Your skin changes colour to match your surroundings (Stealth+).
Your rubbery body absorbs attacks. (AC +1, EV +1)


Message History

* * * LOW HITPOINT WARNING * * *
You slash the giant cockroach!
You kill the giant cockroach!
Grinder shouts!
You start resting.
Grinder is too close now for your liking.
You feel very buoyant.
You fly up into the air.
Grinder gestures at you. Pain shoots through your body!
* * * LOW HITPOINT WARNING * * *
You slash Grinder! You grab Grinder.
Grinder is moderately wounded.
You constrict Grinder. Grinder gestures at you.
You resist with significant effort.
You hit Grinder.
Grinder is moderately wounded.
You constrict Grinder. Grinder hits you!
You die...

.........# .
.........# ..
.........# ...
.........# ....
#.....5..# .....
.........#......
........<.......
.+###..........
+.@5..........
######+#.#####
.# .# #


You could see Grinder.

Vanquished Creatures
  A gnoll (D:3)
  3 adders (D:2)
  A worm (D:2)
  An orc (D:3)
  3 giant cockroaches
  7 goblins
  5 hobgoblins
  2 jackals (D:1)
  2 quokkas
  3 bats
  A frilled lizard (D:2)
  4 kobolds
  8 rats
41 creatures vanquished.

Notes
Turn   | Place    | Note
-------+----------+-------------------------------------------
     0 | D:1      | Ijustatesigmund the Octopode Fighter began the quest for
                  | the Orb.
     0 | D:1      | Reached XP level 1. HP: 16/16 MP: 1/1
    67 | D:1      | Reached XP level 2. HP: 19/21 MP: 2/2
   283 | D:1      | You fall through a shaft!
   613 | D:2      | Reached XP level 3. HP: 22/26 MP: 3/3
  1160 | D:2      | Reached XP level 4. HP: 19/33 MP: 4/4
  1541 | D:4      | Noticed Grinder
  1553 | D:4      | Mangled by Grinder

Levels and vault maps discovered:
D:1:      eino_arrival_water_cross, layout_loops_ring
D:2:      layout_rooms, first_ration
D:3:      layout_rooms, gammafunk_ghost_icy, minmay_statues_item
D:4:      layout_basic, chequers_temple_overflow_statue_of_worship,
          overflow_temple_1_default, chequers_serial_rivers_micro_b,
          uniq_grinder

Skill      XL: |  1  2 |
---------------+-------+-----
Axes           | 3 |  3.9
Fighting       | |  3.8
Dodging        | |  3.0
Shields        | |  3.0

Action                   |  1- 3 |  4- 6 || total
-------------------------+-------+-------++-------
Melee: War axe           |    33 |    15 ||    48
       Constrict         |    11 |     3 ||    14
       Tentacles         |     4 |     4 ||     8
       Mace              |    20 |       ||    20
  Use: Scroll            |     5 |     2 ||     7
       Potion            |       |     5 ||     5
 Stab: Sleeping          |     4 |       ||     4
       Distracted        |     1 |       ||     1
       Invisible         |       |     1 ||     1
  Eat: Chunk             |       |     2 ||     2
Armor: Skin              |     1 |       ||     1
Dodge: Dodged            |    16 |    14 ||    30
Block: Shield            |    12 |    10 ||    22

Table legend:
 A = Non-vault XP
 B = Vault XP
 C = Vault XP percentage of total XP
 D = Non-vault monster count
 E = Vault monster count
 F = Vault count percentage of total count
                 A         B        C        D         E       F
            +---------+---------+-------+---------+---------+-------
      Total |     119 |       0 |   0.0 |      41 |       0 |   0.0
            +---------+---------+-------+---------+---------+-------
        D:1 |      23 |       0 |   0.0 |      15 |       0 |   0.0
        D:2 |      69 |       0 |   0.0 |      18 |       0 |   0.0
        D:3 |      25 |       0 |   0.0 |       7 |       0 |   0.0
        D:4 |       2 |       0 |   0.0 |       1 |       0 |   0.0
            +---------+---------+-------+---------+---------+-------
